EVO
WICHITA STATE UNIVERSITY SHOCKERS @ CLEMSON UNIVERSITY TIGERS
07/19/2047
 
TOP OF THE 1ST
Wichita State University Shockers batting - Pitching for Clemson University Tigers : RHP Gustavo Carena
Pitching: RHP Gustavo Carena
Batting: RHB Alex Zeledon 0-0: Ball
1-0: Called Strike
1-1: Fly out, F7 (Flyball, 7LSF, EV 96.9 MPH)
Batting: RHB Lucio Baratta 0-0: Ball
1-0: Ground out 6-3 (Groundball, 6MS, EV 76.2 MPH)
Batting: LHB Carlos Flores 0-0: Foul Ball, location: 2F
0-1: Ball
1-1: Foul Ball, location: 2F
1-2: Foul Ball, location: 2F
1-2: Ball
2-2: Ball
3-2: SINGLE (Flyball, 3D, EV 97.5 MPH)
Batting: RHB Jordan Carr 0-0: Fly out, F9 (Flyball, 9LM, EV 86.9 MPH)
Top of the 1st over - 0 runs, 1 hit, 0 errors, 1 left on base; Wichita State University 0 - Clemson University 0
BOTTOM OF THE 1ST
Clemson University Tigers batting - Pitching for Wichita State University Shockers : RHP Steve Dodge
Pitching: RHP Steve Dodge
Batting: RHB Adrian Franz 0-0: Ground out U3 (Groundball, 34, EV 84.4 MPH)
Batting: LHB Wade Girard 0-0: Foul Ball, location: 2F
0-1: SINGLE (Line Drive, 4M, EV 110.0 MPH)
Batting: RHB Josh LeSage 0-0: Ball
1-0: Ball
2-0: Foul Ball, location: 2F
2-1: Fielders Choice at 2nd, 6-4 (Groundball, 6, EV 102.5 MPH)
Batting: LHB Steve Gates 0-0: Ball
1-0: Ground out 4-3 (Groundball, 34S, EV 91.9 MPH)
Bottom of the 1st over - 0 runs, 1 hit, 0 errors, 1 left on base; Wichita State University 0 - Clemson University 0
TOP OF THE 2ND
Wichita State University Shockers batting - Pitching for Clemson University Tigers : RHP Gustavo Carena
Batting: SHB Mike Chafe 0-0: Foul Ball, location: 2F
0-1: Foul Ball, location: 2F
0-2: DOUBLE (Line Drive, 7LM, EV 110.6 MPH)
Batting: LHB Troy Davies 0-0: Ball
1-0: Swinging Strike
1-1: Ball
2-1: Ball
3-1: Foul Ball, location: 2F
3-2: Base on Balls
Batting: RHB Kyle Gill 0-0: Fly out, F8 (Flyball, 8LS, EV 85.0 MPH)
Batting: RHB Jeff Grant 0-0: Swinging Strike
0-1: Fly out, F9 (Flyball, 9D, EV 99.4 MPH)
Runner from 2nd tags up, SAFE at 3rd, no throw by RF
Batting: RHB Rick McGrath 0-0: Called Strike
0-1: Swinging Strike
0-2: Ball
1-2: Strikes out looking
Top of the 2nd over - 0 runs, 1 hit, 0 errors, 2 left on base; Wichita State University 0 - Clemson University 0
BOTTOM OF THE 2ND
Clemson University Tigers batting - Pitching for Wichita State University Shockers : RHP Steve Dodge
Batting: LHB Jonathan Watt 0-0: Ball
1-0: Fly out, F5 (Popup, 5F, EV 62.5 MPH)
Batting: RHB Jason Duncan 0-0: Foul Ball, location: 2F
0-1: Swinging Strike
0-2: Foul Ball, location: 2F
0-2: Ball
1-2: SINGLE (Flyball, 6D, EV 91.2 MPH)
Batting: LHB Bryant Dill 0-0: Grounds into double play, 4-6-3 (Groundball, 13, EV 85.6 MPH)
Bottom of the 2nd over - 0 runs, 1 hit, 0 errors, 0 left on base; Wichita State University 0 - Clemson University 0
TOP OF THE 3RD
Wichita State University Shockers batting - Pitching for Clemson University Tigers : RHP Gustavo Carena
Batting: RHB Alex Zeledon 0-0: Called Strike
0-1: Foul Ball, location: 2F
0-2: Ball
1-2: Foul Ball, location: 2F
1-2: Foul Ball, location: 2F
1-2: Foul Ball, location: 2F
1-2: Foul Ball, location: 2F
1-2: Foul Ball, location: 2F
1-2: Ball
2-2: Ball
3-2: Ground out 1-3 (Groundball, 34S, EV 75.6 MPH)
Batting: RHB Lucio Baratta 0-0: Called Strike
0-1: Ball
1-1: Foul Ball, location: 2F
1-2: Ball
2-2: Fly out, F8 (Line Drive, 8RD, EV 88.1 MPH)
Batting: LHB Carlos Flores 0-0: Ball
1-0: Foul Ball, location: 2F
1-1: Ball
2-1: Foul Ball, location: 2F
2-2: Foul Ball, location: 2F
2-2: Ball
3-2: Strikes out looking
Top of the 3rd over - 0 runs, 0 hits, 0 errors, 0 left on base; Wichita State University 0 - Clemson University 0
BOTTOM OF THE 3RD
Clemson University Tigers batting - Pitching for Wichita State University Shockers : RHP Steve Dodge
Batting: LHB George Jedinak 0-0: Reached on error, E4 (Groundball, 34, EV 101.2 MPH)
Batting: LHB Mario Nunez 0-0: Ball
1-0: Ball
2-0: Called Strike
2-1: Ball
3-1: Base on Balls
Batting: RHB Adrian Franz 0-0: Ball
1-0: Foul Ball, location: 2F
1-1: SINGLE (Groundball, 34D, EV 108.1 MPH)
George Jedinak to third
Mario Nunez to second
Batting: LHB Wade Girard 0-0: Foul Ball, location: 2F
0-1: Called Strike
0-2: Ball
1-2: Grounds into double play, 3-6-3 (Groundball, 34, EV 102.5 MPH)
George Jedinak scores
Mario Nunez to third
Batting: RHB Josh LeSage 0-0: Ball
1-0: Ball
2-0: Called Strike
2-1: Ball
3-1: Swinging Strike
3-2: Foul Ball, location: 2F
3-2: Foul Ball, location: 2F
3-2: Strikes out looking
Bottom of the 3rd over - 1 run, 1 hit, 1 error, 1 left on base; Wichita State University 0 - Clemson University 1
TOP OF THE 4TH
Wichita State University Shockers batting - Pitching for Clemson University Tigers : RHP Gustavo Carena
Batting: RHB Jordan Carr 0-0: Swinging Strike
0-1: Foul Ball, location: 2F
0-2: Strikes out swinging
Batting: SHB Mike Chafe 0-0: Called Strike
0-1: Foul Ball, location: 2F
0-2: Ball
1-2: Strikes out swinging
Batting: LHB Troy Davies 0-0: Called Strike
0-1: Ball
1-1: Ball
2-1: Called Strike
2-2: Strikes out swinging
Top of the 4th over - 0 runs, 0 hits, 0 errors, 0 left on base; Wichita State University 0 - Clemson University 1
BOTTOM OF THE 4TH
Clemson University Tigers batting - Pitching for Wichita State University Shockers : RHP Steve Dodge
Batting: LHB Steve Gates 0-0: Ball
1-0: Foul Ball, location: 2F
1-1: Swinging Strike
1-2: Ball
2-2: Ball
3-2: Foul Ball, location: 2F
3-2: Ground out U3 (Groundball, 3, EV 103.8 MPH)
Batting: LHB Jonathan Watt 0-0: Ground out 4-3 (Groundball, 4, EV 105.6 MPH)
Batting: RHB Jason Duncan 0-0: Ball
1-0: Foul Ball, location: 2F
1-1: Ball
2-1: Foul Ball, location: 2F
2-2: Strikes out swinging
Bottom of the 4th over - 0 runs, 0 hits, 0 errors, 0 left on base; Wichita State University 0 - Clemson University 1
TOP OF THE 5TH
Wichita State University Shockers batting - Pitching for Clemson University Tigers : RHP Gustavo Carena
Batting: RHB Kyle Gill 0-0: Ball
1-0: Ball
2-0: Swinging Strike
2-1: Ball
3-1: Base on Balls
Batting: RHB Jeff Grant 0-0: Foul Ball, location: 2F
0-1: Foul Ball, location: 2F
0-2: Foul Ball, location: 2F
0-2: Foul Ball, location: 2F
0-2: Ball
1-2: Strikes out swinging
Batting: RHB Rick McGrath 0-0: Ball
1-0: Foul Ball, location: 2F
1-1: Foul Ball, location: 2F
1-2: Strikes out looking
Batting: RHB Alex Zeledon 0-0: Ball
1-0: Called Strike
1-1: Called Strike
1-2: Ball
2-2: Strikes out swinging
Top of the 5th over - 0 runs, 0 hits, 0 errors, 1 left on base; Wichita State University 0 - Clemson University 1
BOTTOM OF THE 5TH
Clemson University Tigers batting - Pitching for Wichita State University Shockers : RHP Steve Dodge
Pitching: LHP Ernesto Ruiz
Batting: LHB Bryant Dill 0-0: Ball
1-0: Ball
2-0: Called Strike
2-1: Called Strike
2-2: SINGLE (Groundball, 25, EV 65.6 MPH) (infield hit)
Batting: LHB George Jedinak 0-0: Ball
1-0: Foul Ball, location: 2F
1-1: Ball
2-1: Called Strike
Bryant Dill steals 2nd base
2-2: Ball
3-2: Ground out 4-3 (Groundball, 4, EV 98.1 MPH)
Bryant Dill to third
Batting: LHB Mario Nunez 0-0: Swinging Strike
0-1: DOUBLE (Flyball, 89D, EV 100.6 MPH)
Bryant Dill scores
Batting: RHB Adrian Franz 0-0: Ball
1-0: Ball
2-0: Ball
3-0: Called Strike
3-1: Base on Balls
Batting: LHB Wade Girard 0-0: Ball
1-0: Fielders Choice at 2nd, 3-6 (Groundball, 3, EV 80.6 MPH)
Mario Nunez to third
Batting: RHB Josh LeSage 0-0: Called Strike
0-1: Called Strike
0-2: Ball
1-2: Ball
2-2: Ball
3-2: Ground out 4-3 (Groundball, 13, EV 90.0 MPH)
Bottom of the 5th over - 1 run, 2 hits, 0 errors, 2 left on base; Wichita State University 0 - Clemson University 2
TOP OF THE 6TH
Wichita State University Shockers batting - Pitching for Clemson University Tigers : RHP Gustavo Carena
Pitching: LHP Will West
Now at C: Willis Suarez
Batting: SHB Peter Faggard 0-0: Called Strike
0-1: Ball
1-1: Ball
2-1: Ball
3-1: Base on Balls
Pinch Hitting: RHB Byron Whitehead 0-0: Ground out 6-3 (Groundball, 6S, EV 65.0 MPH)
Peter Faggard to second
Pinch Hitting: RHB Marvin Coffey 0-0: Called Strike
0-1: Foul Ball, location: 2F
0-2: Strikes out swinging
Batting: SHB Mike Chafe 0-0: Called Strike
0-1: Ball
1-1: Ball
2-1: Fly out, F7 (Flyball, 7LM, EV 105.0 MPH)
Top of the 6th over - 0 runs, 0 hits, 0 errors, 1 left on base; Wichita State University 0 - Clemson University 2
BOTTOM OF THE 6TH
Clemson University Tigers batting - Pitching for Wichita State University Shockers : LHP Ernesto Ruiz
Pitching: LHP Éric Duval
Now at 1B: Marvin Coffey
Now in RF: Byron Whitehead
Batting: LHB Steve Gates 0-0: Called Strike
0-1: Ball
1-1: Ball
2-1: Swinging Strike
2-2: Strikes out swinging
Batting: RHB Ross Hallock 0-0: Foul Ball, location: 2F
0-1: Fly out, F9 (Flyball, 9D, EV 83.8 MPH)
Batting: RHB Jason Duncan 0-0: Called Strike
0-1: DOUBLE (Flyball, 7LM, EV 83.1 MPH)
Pinch Hitting: RHB Mike Ryan 0-0: Ball
1-0: Fly out, F8 (Line Drive, 8RM, EV 91.9 MPH)
Bottom of the 6th over - 0 runs, 1 hit, 0 errors, 1 left on base; Wichita State University 0 - Clemson University 2
TOP OF THE 7TH
Wichita State University Shockers batting - Pitching for Clemson University Tigers : LHP Will West
Pitching: RHP Santos Gonzales
Now at 3B: Nick Ellis
Pinch Hitting: LHB Kyle Lee 0-0: Ball
1-0: Ball
2-0: Called Strike
2-1: Fly out, F2 (Popup, 25F, EV 91.2 MPH)
Batting: RHB Kyle Gill 0-0: Ball
1-0: Ball
2-0: Ground out 5-3 (Groundball, 56, EV 81.2 MPH)
Batting: RHB Jeff Grant 0-0: Fly out, F7 (Flyball, 78D, EV 89.4 MPH)
Top of the 7th over - 0 runs, 0 hits, 0 errors, 0 left on base; Wichita State University 0 - Clemson University 2
BOTTOM OF THE 7TH
Clemson University Tigers batting - Pitching for Wichita State University Shockers : LHP Éric Duval
Pitching: LHP John Schroeder
Now at C: Larry Hogue
Now at SS: Kyle Lee
Batting: RHB Willis Suarez 0-0: Swinging Strike
0-1: Ball
1-1: Foul Ball, location: 2F
1-2: Strikes out looking
Batting: LHB Mario Nunez 0-0: Ball
1-0: Foul Ball, location: 2F
1-1: Swinging Strike
1-2: Fly out, F8 (Flyball, 8LD, EV 107.5 MPH)
Batting: RHB Adrian Franz 0-0: Called Strike
0-1: Ball
1-1: Ball
2-1: Foul Ball, location: 2F
2-2: Fly out, F8 (Flyball, 8RS, EV 86.9 MPH)
Bottom of the 7th over - 0 runs, 0 hits, 0 errors, 0 left on base; Wichita State University 0 - Clemson University 2
TOP OF THE 8TH
Wichita State University Shockers batting - Pitching for Clemson University Tigers : RHP Santos Gonzales
Pitching: RHP A.J. Newman
Batting: RHB Rick McGrath 0-0: Ball
1-0: Swinging Strike
1-1: Called Strike
1-2: Strikes out swinging
Batting: RHB Alex Zeledon 0-0: Swinging Strike
0-1: Ball
1-1: Ball
2-1: Foul Ball, location: 2F
2-2: Ball
3-2: SINGLE (Line Drive, 7S, EV 93.1 MPH)
Batting: SHB Peter Faggard 0-0: Ball
1-0: Called Strike
1-1: Ball
2-1: Foul Ball, location: 2F
2-2: Ball
3-2: SINGLE (Groundball, 34S, EV 88.8 MPH) (infield hit)
Alex Zeledon to second
Batting: RHB Byron Whitehead 0-0: Foul Ball, location: 2F
0-1: Foul Ball, location: 2F
0-2: Ball
1-2: Fly out, F3 (Popup, 3SF, EV 73.8 MPH)
Batting: RHB Marvin Coffey 0-0: Called Strike
0-1: Ball
1-1: SINGLE (Groundball, 6MD, EV 107.5 MPH)
Alex Zeledon to third
Peter Faggard to second
Runner from 3rd tries for Home, SAFE, throw by CF to home
Batting: RHB Larry Hogue 0-0: Foul Ball, location: 2F
0-1: Swinging Strike
0-2: Strikes out looking
Top of the 8th over - 1 run, 3 hits, 0 errors, 2 left on base; Wichita State University 1 - Clemson University 2
BOTTOM OF THE 8TH
Clemson University Tigers batting - Pitching for Wichita State University Shockers : LHP John Schroeder
Pitching: RHP Keith Wilder
Batting: LHB Wade Girard 0-0: Ball
1-0: Called Strike
1-1: Swinging Strike
1-2: Fly out, F8 (Line Drive, 8RD, EV 104.4 MPH)
Batting: RHB Josh LeSage 0-0: Called Strike
0-1: Called Strike
0-2: Strikes out swinging
Batting: LHB Steve Gates 0-0: Called Strike
0-1: Foul Ball, location: 2F
0-2: Ground out 4-3 (Groundball, 4, EV 77.5 MPH)
Bottom of the 8th over - 0 runs, 0 hits, 0 errors, 0 left on base; Wichita State University 1 - Clemson University 2
TOP OF THE 9TH
Wichita State University Shockers batting - Pitching for Clemson University Tigers : RHP A.J. Newman
Pitching: RHP Cong Tung
Batting: LHB Kyle Lee 0-0: SINGLE (Line Drive, 9S, EV 109.4 MPH)
Batting: RHB Kyle Gill 0-0: Called Strike
0-1: Fly out, F8 (Flyball, 8LXD, EV 88.1 MPH)
Runner from 1st tags up, SAFE at 2nd
Batting: RHB Jeff Grant 0-0: Ball
1-0: Swinging Strike
1-1: Called Strike
1-2: 2-RUN HOME RUN (Flyball, 7D, EV 98.8 MPH), Distance : 402 ft
Batting: RHB Rick McGrath 0-0: Foul Ball, location: 2F
0-1: Swinging Strike
0-2: Foul Ball, location: 2F
0-2: Foul Ball, location: 2F
0-2: Foul Ball, location: 2F
0-2: Strikes out looking
Batting: RHB Alex Zeledon 0-0: Ball
1-0: Ball
2-0: Called Strike
2-1: Ground out 1-3 (Groundball, 34S, EV 60.6 MPH)
Top of the 9th over - 2 runs, 2 hits, 0 errors, 0 left on base; Wichita State University 3 - Clemson University 2
BOTTOM OF THE 9TH
Clemson University Tigers batting - Pitching for Wichita State University Shockers : RHP Keith Wilder
Pitching: LHP Jacob Seymour
Batting: RHB Ross Hallock 0-0: Ball
1-0: Foul Ball, location: 2F
1-1: Ball
2-1: Ball
3-1: Fly out, F8 (Flyball, 8LM, EV 94.4 MPH)
Batting: RHB Jason Duncan 0-0: SINGLE (Line Drive, 4M, EV 94.4 MPH)
Batting: RHB Nick Ellis 0-0: Fly out, F7 (Flyball, 7S, EV 91.2 MPH)
Batting: RHB Willis Suarez 0-0: Ball
1-0: Ball
2-0: Ball
3-0: Base on Balls
Jason Duncan to second
Batting: LHB Mario Nunez 0-0: Foul Ball, location: 2F
0-1: Ball
1-1: Foul Ball, location: 2F
1-2: Foul Ball, location: 2F
1-2: Strikes out swinging
Bottom of the 9th over - 0 runs, 1 hit, 0 errors, 2 left on base; Wichita State University 3 - Clemson University 2
Thursday, December 15th , 2022 - OOTP Baseball 23.9 Build 102